 Dungeon Sprint DCSS version 0.30.1-11-g7821555f0a (webtiles) character file.

Game seed: 13056406495711784443

58524 Groucho the Minotaur Aeon (level 14, -25/166 HPs)
             Began as a Minotaur Fighter on Dec 10, 2023.
             Was the Champion of Cheibriados.
             Killed from afar by an ironbound thunderhulk (44 damage)
             ... with a bolt of lightning
             ... in the Dungeon (Sprint IX: "|||||||||||||||||||||||||||||").
             The game lasted 00:17:19 (7054 turns).

Groucho the Minotaur Aeon (Minotaur Fighter)        Turns: 7054, Time: 00:17:20

Health: -25/166    AC: 28    Str: 38    XL:     14   Next: 49%
Magic:  10/29      EV: 17    Int: 20    God:    Cheibriados [******]
Gold:   1          SH: 27    Dex: 28    Spells: 13/13 levels left

rFire   . . .        F - +7 flail "Weok Gun" {freeze, rCorr}
rCold   . . .        n - +1 tower shield
rNeg    + + .        c - +0 plate armour {rPois}
rPois   +            k - +0 hat of Laeqam {Drain rN++}
rElec   .            w - +0 cloak
rCorr   +            p - +0 pair of gloves
SInv    +            a - +1 pair of boots
Will    +....        (no amulet) Stlth
                     b - +2 ring of protection
HPRegen 0.47/turn    I - ring of see invisible
MPRegen 0.21/turn

%: no teleportation
@: marked, invisible, very slow
A: horns 2, retaliatory headbutt, robust 1, sturdy frame 1
a: Renounce Religion, Bend Time, Temporal Distortion, Slouch, Step From Time


You were in the Dungeon.
You worshipped Cheibriados.
Cheibriados was exalted by your worship.
You visited 1 branch You collected 1924 gold pieces.
You spent 1923 gold pieces at shops.

Inventory:

Hand Weapons
 o - a +3 war axe of freezing
 y - the +1 sling of Eseler {drain, +Blink Will- Str+3}
   (You bought it in a shop in the Dungeon)

   Str:       It affects your strength (+3).
   +Blink:    It lets you blink.
   Will:      It decreases your willpower.
 F - the +7 flail "Weok Gun" (weapon) {freeze, rCorr}
   (You bought it in a shop in the Dungeon)

   rCorr:     It protects you from acid and corrosion.
Missiles
 x - 4 throwing nets (quivered)
Armour
 a - a +1 pair of boots (worn)
 c - a +0 plate armour of poison resistance (worn)
 k - the +0 hat of Laeqam (worn) {Drain rN++}
   (You acquired it in the Dungeon)

   rN:        It greatly protects you from negative energy.
   Drain:     It drains your maximum health when unequipped.
 n - a +1 tower shield (worn)
 p - a +0 pair of gloves (worn)
 w - a +0 cloak (worn)
 G - a scarf of shadows
Jewellery
 b - a +2 ring of protection (left hand)
 r - a ring of willpower
 E - a ring of willpower
 H - a ring of fire
 I - a ring of see invisible (right hand)
Wands
 m - a wand of light (7)
Scrolls
 l - 3 scrolls of amnesia
 q - a scroll of identify
 t - 5 scrolls of enchant weapon
 u - 4 scrolls of enchant armour
 v - 3 scrolls of fear
Potions
 d - a potion of brilliance
 e - 5 potions of curing
 g - a potion of haste
 h - 2 potions of magic
 i - 5 potions of berserk rage
 s - a potion of might
 z - a potion of invisibility
 A - a potion of cancellation
 B - 2 potions of lignification
 D - a potion of degeneration


   Skills:
 + Level 21.5 Fighting
 - Level 9.7(10.6) Axes
 - Level 6.6(9.1) Maces & Flails
 + Level 21.5 Armour
 - Level 9.0 Dodging
 + Level 21.5 Shields
 * Level 24.5 Invocations


You had 13 spell levels left.
You didn't know any spells.
Your spell library was empty.

Dungeon Overview and Level Annotations

Branches:
Dungeon (1/1)

Altars:
Cheibriados
Dithmenos
Elyvilon
Fedhas
Gozag
Hepliaklqana
Kikubaaqudgha
Makhleb
Nemelex Xobeh
Okawaru
Qazlal
Ru
Sif Muna
Trog
Uskayaw
Vehumet
Wu Jian
Xom
Yredelemnul
Zin
The Shining One
Jiyva
Lugonu

Shops:
D *((


Innate Abilities, Weirdness & Mutations

You have a pair of horns on your head.
You reflexively headbutt those who attack you in melee.
You are robust. (+10% HP)
Your movements are slightly less encumbered by armour. (ER -2)


Message History

You freeze the ironbound thunderhulk.
Your headbutt misses the ironbound thunderhulk.
The ironbound thunderhulk is heavily wounded.
Unknown command.
You are too injured to fight recklessly!
You are too injured to fight recklessly!
Unknown command.
Unknown command.
You barely miss the ironbound thunderhulk.
You headbutt the ironbound thunderhulk, but do no damage.
The ironbound thunderhulk is heavily wounded.
The ironbound thunderhulk hits you with a +0 dire flail!!
* * * LOW HITPOINT WARNING * * *
The ironbound preserver casts a spell.
The ironbound preserver begins to accept its allies' injuries.
An ironbound convoker comes into view. It is wielding a +0 mace.
You bludgeon the ironbound thunderhulk!!
You freeze the ironbound thunderhulk. You headbutt the ironbound thunderhulk.
The ironbound thunderhulk is severely wounded.
You block the ironbound thunderhulk's attack.
Unknown command.
Activating: Slouch (0% risk of failure)
Press: ? - help, Dir - look around, f - activate You can feel time thicken for a moment.
Electricity crackles from the ironbound thunderhulk's apparatus.
The bolt of lightning hits you!!
* * * LOW HITPOINT WARNING * * *
Unknown command.
Unknown command.
Unknown command.
Okay, then.
Blink to where?
Press: ? - help, Dir - move target
As you read the scroll of blinking, it crumbles to dust.
Okay, then.
You fade into invisibility!
Strange energies crackle from the ironbound thunderhulk's apparatus.
Electricity crackles from the ironbound thunderhulk's apparatus.
The bolt of lightning hits you!!!
You die...

▓p▓.▓.▓.▓.▓.▓)▓.▓.
▓O▓.▓.▓.▓[▓.▓)▓.▓'
▓.▓.▓.▓.▓[▓.▓)▓.▓.
▓.▓.▓)▓.▓[▓.▓)▓.▓.
▓.▓.▓)▓.▓.▓.▓)▓.▓.
▓.▓.▓)▓.▓[▓.▓)▓.▓.
▓.▓.▓)▓.▓[▓.▓.▓.▓.
▓.▓.▓'▓.▓[▓.▓.▓.▓.
▓@▓.▓.▓.▓[▓.▓.▓.▓.
▓[▓.▓.▓.▓.▓.▓.▓.▓.
▓)▓.▓.▓.▓)▓.▓)▓.▓.
▓.▓.▓.▓.▓)▓.▓.▓.▓'
▓)▓.▓.▓.▓)▓.▓)▓.▓.
▓.▓.▓.▓.▓)▓.▓)▓.▓.
▓.▓.▓)▓.▓)▓.▓)▓.▓.
▓(▓.▓.▓.▓)▓.▓)▓.▓.
▓)▓.▓.▓.▓)▓.▓.▓.▓.


You could see an ironbound thunderhulk (sheltered, unable to see you).

Vanquished Creatures
  Donald (D)
  2 frost giants (D)
  4 stone giants (D)
  A very ugly thing (D)
  2 vampire knights (D)
  2 bunyips (D)
  Snorg (D)
  2 ettins (D)
  A merfolk impaler (D)
  A yaktaur captain (D)
  An entropy weaver (D)
  3 fire dragons (D)
  3 ice dragons (D)
  Harold (D)
  Erolcha (D)
  A hydra (D)
  A rakshasa (D)
  A spriggan air mage (D)
  A merfolk avatar (D)
  2 anacondas (D)
  4 centaur warriors (D)
  An ironbound frostheart (D)
  3 boulder beetles (D)
  2 alligators (D)
  A two-headed ogre (D)
  A death knight (D)
  A jorogumo (D)
  2 deep troll earth magi (D)
  A naga warrior (D)
  4 orc high priests (D)
  A shock serpent (D)
  A spriggan berserker (D)
  A pharaoh ant (D)
  A hell knight (D)
  A sun moth (D)
  A bog body (D)
  2 sea snakes (D)
  An orb spider (D)
  A naga ritualist (D)
  A swamp dragon (D)
  A wizard (D)
  A steelbarb worm (D)
  2 necromancers (D)
  A lindwurm (D)
  13 orc knights (D)
  2 cyclopes (D)
  2 ugly things (D)
  2 manticores (D)
  An elephant (D)
  2 black mambas (D)
  A water nymph (D)
  2 vault sentinels (D)
  8 cane toads (D)
  A demonic crawler (D)
  A freezing wraith (D)
  A komodo dragon (D)
  A merfolk (D)
  A tarantella (D)
  A bloated husk (D)
  A wind drake (D)
  2 tyrant leeches (D)
  A blink frog (D)
  A dream sheep (D)
  A culicivora (D)
  3 slime creatures (D)
  2 shadows (D)
  A wraith (D)
  A basilisk (D)
  A yak (D)
  2 nagas (D)
  3 water moccasins (D)
  10 orc warriors (D)
  A centaur (D)
  A phantom (D)
  2 bullfrogs (D)
  5 orc priests (D)
  4 orc wizards (D)
  2 adders (D)
  6 worms (D)
  4 orcs (D)
  A ball python (D)
  A giant cockroach (D)
  A hobgoblin (D)
  A bat (D)
  A bat simulacrum (D)
  A rat (D)
167 creatures vanquished.

Vanquished Creatures (others)
  A wraith (D)
  A yak (D)
2 creatures vanquished.

Grand Total: 169 creatures vanquished

Notes
Turn   | Place    | Note
-------+----------+-------------------------------------------
     0 | D        | Groucho the Minotaur Fighter began the quest for the Orb.
     0 | D        | Reached XP level 1. HP: 19/19 MP: 0/0
    20 | D        | Noticed an orc wizard
    20 | D        | Noticed a phantom
    38 | D        | Reached XP level 2. HP: 24/28 MP: 1/1
    41 | D        | Killed a phantom
    42 | D        | Reached skill level 5 in Armour
    42 | D        | Reached skill level 5 in Shields
    42 | D        | Reached skill level 5 in Fighting
    42 | D        | Reached XP level 3. HP: 30/36 MP: 2/2
    42 | D        | Reached XP level 4. HP: 35/42 MP: 3/3
   540 | D        | Found a snail-covered altar of Cheibriados.
   540 | D        | Found a shadowy altar of Dithmenos.
   540 | D        | Found a white marble altar of Elyvilon.
   540 | D        | Found a blossoming altar of Fedhas.
   540 | D        | Found an opulent altar of Gozag.
   541 | D        | Found a hazy altar of Hepliaklqana.
   542 | D        | Found a viscous altar of Jiyva.
   543 | D        | Found an ancient bone altar of Kikubaaqudgha.
   544 | D        | Found a corrupted altar of Lugonu.
   545 | D        | Found a burning altar of Makhleb.
   546 | D        | Found a sparkling altar of Nemelex Xobeh.
   547 | D        | Found an iron altar of Okawaru.
   548 | D        | Found a stormy altar of Qazlal.
   549 | D        | Found a sacrificial altar of Ru.
   550 | D        | Found a shimmering blue altar of Sif Muna.
   551 | D        | Found a bloodstained altar of Trog.
   552 | D        | Found a hide-covered altar of Uskayaw.
   553 | D        | Found a radiant altar of Vehumet.
   554 | D        | Found an ornate altar of the Wu Jian Council.
   555 | D        | Found a shimmering altar of Xom.
   556 | D        | Found a basalt altar of Yredelemnul.
   557 | D        | Found a glowing silver altar of Zin.
   558 | D        | Found a glowing golden altar of the Shining One.
   590 | D        | Became a worshipper of Cheibriados the Contemplative
   651 | D        | Noticed a wraith
   651 | D        | Noticed a yak
   651 | D        | Noticed a shadow
   651 | D        | Noticed a centaur
   651 | D        | Noticed a yak
   651 | D        | Noticed a wraith
   655 | D        | Killed a yak
   657 | D        | Killed a wraith
   658 | D        | Reached skill level 2 in Invocations
   658 | D        | Reached XP level 5. HP: 37/49 MP: 3/6
   661 | D        | Killed a centaur
   662 | D        | Reached skill level 4 in Invocations
   662 | D        | Reached XP level 6. HP: 45/57 MP: 3/8
   664 | D        | Killed a shadow
   665 | D        | Reached skill level 5 in Invocations
   667 | D        | Killed a yak
   667 | D        | Reached * piety under Cheibriados
   668 | D        | Reached skill level 5 in Axes
   668 | D        | Reached skill level 6 in Invocations
   668 | D        | Reached XP level 7. HP: 43/66 MP: 4/10
   671 | D        | Killed a wraith
   672 | D        | Reached skill level 7 in Invocations
   676 | D        | Noticed a slime creature
   676 | D        | Noticed a centaur warrior
   676 | D        | Noticed a two-headed ogre
   676 | D        | Noticed a shadow
   676 | D        | Noticed a boulder beetle
   676 | D        | Noticed a slime creature
   681 | D        | Killed a slime creature
   681 | D        | Reached ** piety under Cheibriados
   682 | D        | Reached skill level 8 in Invocations
   697 | D        | Killed a boulder beetle
   698 | D        | Reached skill level 9 in Invocations
   698 | D        | Reached XP level 8. HP: 27/78 MP: 9/14
   699 | D        | Reached *** piety under Cheibriados
   701 | D        | Killed a two-headed ogre
   702 | D        | Reached skill level 10 in Fighting
   702 | D        | Reached skill level 10 in Armour
   702 | D        | Reached skill level 10 in Shields
   702 | D        | Reached skill level 10 in Invocations
   702 | D        | Reached XP level 9. HP: 31/85 MP: 10/15
   704 | D        | Killed a centaur warrior
   704 | D        | Reached **** piety under Cheibriados
   705 | D        | Reached skill level 11 in Invocations
  1178 | D        | Acquired the +0 hat of Laeqam {Drain rN++}
  1485 | D        | Noticed a cane toad
  1485 | D        | Noticed a cane toad
  1487 | D        | Noticed a cane toad
  1489 | D        | Noticed a komodo dragon
  1493 | D        | Killed a cane toad
  1493 | D        | Reached ***** piety under Cheibriados
  1494 | D        | Killed a cane toad
  1495 | D        | Reached skill level 5 in Maces & Flails
  1495 | D        | Reached skill level 12 in Invocations
  1496 | D        | Noticed an elephant
  1503 | D        | Killed a cane toad
  1504 | D        | Reached XP level 10. HP: 69/97 MP: 18/18
  1513 | D        | Killed an elephant
  1518 | D        | Reached ****** piety under Cheibriados
  1519 | D        | Reached skill level 13 in Invocations
  1818 | D        | Noticed a boulder beetle
  1818 | D        | Noticed a cane toad
  1818 | D        | Noticed a cane toad
  1821 | D        | Killed a cane toad
  1822 | D        | Noticed a cane toad
  1827 | D        | Noticed a cane toad
  1828 | D        | Noticed a cane toad
  1830 | D        | Killed a cane toad
  1836 | D        | Killed a cane toad
  1845 | D        | Killed a cane toad
  1846 | D        | Reached skill level 14 in Invocations
  1849 | D        | Killed a cane toad
  2353 | D        | Killed a boulder beetle
  2471 | D        | Noticed a lindwurm
  2485 | D        | Killed a lindwurm
  2486 | D        | Reached XP level 11. HP: 74/107 MP: 19/21
  2768 | D        | Noticed Erolcha
  2775 | D        | Killed Erolcha
  2776 | D        | Reached skill level 15 in Invocations
  2867 | D        | Noticed a stone giant
  2869 | D        | Noticed an orc knight
  2879 | D        | Killed a stone giant
  2888 | D        | Killed an orc knight
  2971 | D        | Noticed an orc knight
  2972 | D        | Noticed an orc knight
  2979 | D        | Killed an orc knight
  2980 | D        | Reached skill level 16 in Invocations
  2984 | D        | Killed an orc knight
  3074 | D        | Found Xocvu's Antique Weapon Boutique.
  3074 | D        | Noticed an orc knight
  3074 | D        | Noticed an orc knight
  3074 | D        | Noticed an orc high priest
  3074 | D        | Noticed an orc high priest
  3074 | D        | Noticed an orc knight
  3075 | D        | Noticed an orc knight
  3077 | D        | Killed an orc high priest
  3077 | D        | Killed an orc high priest
  3077 | D        | Killed an orc knight
  3078 | D        | Reached skill level 15 in Fighting
  3078 | D        | Reached skill level 15 in Armour
  3078 | D        | Reached skill level 15 in Shields
  3078 | D        | Killed an orc knight
  3078 | D        | Killed an orc knight
  3079 | D        | Reached skill level 17 in Invocations
  3082 | D        | Noticed an orc high priest
  3083 | D        | Killed an orc knight
  3092 | D        | Killed an orc high priest
  3093 | D        | Noticed an orc high priest
  3096 | D        | Found Uhe Hot's Distillery.
  3097 | D        | Gained mutation: You are vulnerable to heat. (rF-) [a
                  | neqoxec]
  3098 | D        | Noticed an orc knight
  3100 | D        | Killed an orc high priest
  3101 | D        | Reached XP level 12. HP: 90/122 MP: 8/23
  3103 | D        | Found Ratz's Weapon Boutique.
  3111 | D        | Found Naveb's General Store.
  3134 | D        | Reached skill level 18 in Invocations
  3216 | D        | Bought a transparent sling for 130 gold pieces
  3216 | D        | Identified the +1 sling of Eseler {drain, +Blink Will-
                  | Str+3} (You bought it in a shop in the Dungeon)
  3218 | D        | Bought 2 potions of invisibility for 160 gold pieces
  3218 | D        | Bought a potion of curing for 30 gold pieces
  3218 | D        | Bought a potion of cancellation for 80 gold pieces
  3218 | D        | Bought a potion of lignification for 30 gold pieces
  3218 | D        | Bought a potion of mutation for 80 gold pieces
  3218 | D        | Bought a potion of curing for 30 gold pieces
  3218 | D        | Bought a potion of lignification for 30 gold pieces
  3218 | D        | Bought a potion of degeneration for 10 gold pieces
  3222 | D        | Bought a ring of willpower for 325 gold pieces
  3222 | D        | Bought the +7 flail "Weok Gun" {freeze, rCorr} for 700 gold
                  | pieces
  3222 | D        | Bought a potion of berserk rage for 65 gold pieces
  3222 | D        | Bought a scroll of enchant weapon for 97 gold pieces
  3222 | D        | Bought a scarf of shadows for 156 gold pieces
  3422 | D        | Noticed a boulder beetle
  3422 | D        | Noticed a death knight
  3433 | D        | Killed a death knight
  3433 | D        | Noticed a vampire knight
  3437 | D        | Killed a boulder beetle
  3438 | D        | Killed a vampire knight
  3441 | D        | Reached skill level 19 in Invocations
  3895 | D        | Noticed a rakshasa
  3896 | D        | Noticed an ettin
  3901 | D        | Noticed a frost giant
  3908 | D        | Noticed a frost giant
  3914 | D        | Killed an ettin
  3922 | D        | Killed a rakshasa
  3922 | D        | Noticed an ice dragon
  3926 | D        | Killed a frost giant
  3934 | D        | Killed an ice dragon
  4353 | D        | Noticed Donald
  4357 | D        | Killed Donald
  4364 | D        | Noticed Harold
  4378 | D        | Killed Harold
  4379 | D        | Reached skill level 20 in Invocations
  4689 | D        | Noticed a merfolk impaler
  4691 | D        | Reached XP level 13. HP: 128/134 MP: 26/26
  4732 | D        | Killed a merfolk impaler
  5203 | D        | Reached skill level 21 in Invocations
  5578 | D        | Noticed a bunyip
  5581 | D        | Killed a bunyip
  5581 | D        | Noticed a bunyip
  5590 | D        | Killed a bunyip
  5852 | D        | Lost mutation: You are vulnerable to heat. (rF-) [potion of
                  | mutation]
  5852 | D        | Gained mutation: You are robust. (+10% HP) [potion of
                  | mutation]
  5852 | D        | Gained mutation: You are vulnerable to heat. (rF-) [potion
                  | of mutation]
  5852 | D        | Lost mutation: You are vulnerable to heat. (rF-) [potion of
                  | mutation]
  5852 | D        | Gained mutation: Your movements are slightly less
                  | encumbered by armour. (ER -2) [potion of mutation]
  5903 | D        | Reached skill level 22 in Invocations
  6293 | D        | Noticed Snorg
  6299 | D        | Killed Snorg
  6433 | D        | Noticed a stone giant
  6433 | D        | Noticed a frost giant
  6433 | D        | Noticed a fire dragon
  6439 | D        | Killed a fire dragon
  6442 | D        | Reached XP level 14. HP: 53/162 MP: 3/28
  6444 | D        | Killed a stone giant
  6445 | D        | Reached skill level 23 in Invocations
  6446 | D        | Killed a frost giant
  6453 | D        | Noticed a vampire knight
  6461 | D        | Paralysed by a vampire knight for 2 turns
  6469 | D        | Paralysed by a vampire knight for 3 turns
  6471 | D        | Killed a vampire knight
  6497 | D        | HP: 6/163 [fire dragon/blast of flame (22)]
  6748 | D        | Noticed a stone giant
  6757 | D        | Killed a stone giant
  6772 | D        | Noticed a stone giant
  6782 | D        | Killed a stone giant
  7028 | D        | Reached skill level 24 in Invocations
  7028 | D        | Noticed a green very ugly thing
  7034 | D        | Noticed an ironbound thunderhulk
  7036 | D        | Noticed a vault warden
  7038 | D        | Noticed an ironbound preserver
  7039 | D        | Killed a green very ugly thing
  7040 | D        | Noticed an ironbound thunderhulk
  7041 | D        | Noticed a purple very ugly thing
  7054 | D        | Killed from afar by an ironbound thunderhulk

Illustrated notes

Levels and vault maps discovered:
D:        linesprint [early_d, line_temple, items_1, d_10, items_2, lair_1,
          lair_end, items_3, orc_1, orc_end, items_4, d_15, swamp_1, shoals_1,
          snake_1, spider_1, d_20, vaults_1, items_5, swamp_end, shoals_end,
          snake_end, spider_end, vaults_end, d_27, items_6, zot_1, zot_end,
          crypt_end, forest_end, elf_end, slime_end, tomb_end, abyss_end,
          pan_hell_end]

Skill      XL: |  1  2  3  4  5  6  7  8  9 10 11 12 13 14 |
---------------+-------------------------------------------+-----
Fighting       | 4 5 6 7 9 10 11 13 15 17 20 21 | 21.5
Maces & Flails | 3 4 5 6 |  6.6
Armour         | 4 5 6 7 9 10 11 13 15 17 20 21 | 21.5
Shields        | 4 5 6 7 9 10 11 13 15 17 20 21 | 21.5
Dodging        | 6 8 9 |  9.0
Axes           | 2 3 5 7 8 9 |  9.7
Invocations    | 2 4 6 9 10 12 14 17 20 22 24 | 24.5

Action                     |  1- 3 |  4- 6 |  7- 9 | 10-12 | 13-15 || total
---------------------------+-------+-------+-------+-------+-------++-------
  Melee: Flail             |    29 |    14 |       |    52 |   179 ||   274
         Headbutt          |     7 |     1 |    13 |    51 |    50 ||   122
         War axe           |       |    12 |    45 |   131 |       ||   188
 Invoke: Slouch            |       |       |       |    29 |    25 ||    54
  Evoke: Wand              |       |       |       |       |     3 ||     3
    Use: Potion            |       |     1 |     4 |     5 |     9 ||    19
         Scroll            |       |       |     1 |       |     3 ||     4
   Stab: Invisible         |       |     1 |       |       |     5 ||     6
 Armour: Scale mail        |    17 |     2 |       |       |       ||    19
         Chain mail        |       |     5 |    17 |    26 |       ||    48
         Plate armour      |       |       |       |     7 |    47 ||    54
  Dodge: Dodged            |    12 |    21 |    22 |    72 |    69 ||   196
  Block: Buckler           |     6 |     9 |    12 |    46 |       ||    73
         Tower shield      |       |       |       |    48 |   182 ||   230
